Capitals vs BlueJackets

Created - Thursday, December 18, 2014 at 23:34

Goals
1 2 3 T
Capitals 1 0 1 2
BlueJackets 2 1 2 5
Shots
1 2 3 T
Capitals 9 10 14 33
BlueJackets 9 8 16 33

1st period

1. Capitals , Matt Beleskey 9 (Linus Omark, Brett Clark) at 6:19
2. BlueJackets , Tobias Enstrom 10 (Brent Burns, Derick Brassard) at 7:10 (PP)
3. BlueJackets , Brent Burns 13 (Tobias Enstrom) at 7:34

Penalties :
Matt Beleskey (Was) for Slashing (Minor) at 1:21, Linus Omark (Was) for Tripping (Minor) at 6:55, Ron Hainsey (Clb) for Slashing (Minor) at 9:16, Tim Jackman (Was) for High sticking (Minor) at 9:32, Andrej Meszaros (Clb) for Roughing (Minor) at 11:09, Brett Clark (Was) for Tripping (Minor) at 18:49

2nd period

4. BlueJackets , Andrew Ference 5 (Brent Burns, Tobias Enstrom) at 0:23 (PP)

Penalties :
Antoine Roussel (Clb) for Interference (Minor) at 3:31, Alexander Urbom (Was) for Hooking (Minor) at 6:38

3rd period

5. Capitals , Keaton Ellerby 4 (Alexander Urbom, Cory Emmerton) at 3:13
6. BlueJackets , Justin Williams 4 (Brent Burns) at 10:41
7. BlueJackets , Antoine Roussel 4 (Michael Raffl, Gabriel Bourque) at 16:45

Penalties :
James Wisniewski (Was) for Interference (Minor) at 0:26, Ryan Garbutt (Clb) for Hooking (Minor) at 6:33, Antoine Roussel (Clb) for Hooking (Minor) at 8:49, Tim Jackman (Was) for Holding (Minor) at 10:37, Alexander Urbom (Was) for Hooking (Minor) at 18:09

Goalie Stats

Cristopher Nilstorp (Was), 28 saves from 33 shots - (0.848), L, 1-3-1, 60:00 minutes
Al Montoya (Clb), 9 saves from 9 shots - (1.000), 16:24 minutes
Joni Ortio (Clb), 22 saves from 24 shots - (0.917), W, 4-18-0, 43:36 minutes

Players Stats for Capitals

Player Name              G  A  P  +/- PIM S  H  SB GA TA FO     MP     PP MP  PK MP  
------------------------------------------------------------------------------------
Adam Henrique            0  0  0  -1  0   1  1  1  7  1  0/0    23:26   3:53   7:59 
Alexander Urbom          0  1  1   1  4   1  2  2  0  1  0/0    12:34   0:00   0:00 
Ben Youds                0  0  0  -1  0   0  2  2  0  0  0/0    16:50   0:27   3:16 
Brandon Burlon           0  0  0   0  0   1  1  1  0  1  0/0    23:09   4:07   7:34 
Brett Clark              0  1  1   0  2   0  0  1  1  2  0/0    19:07   3:05   2:33 
Brett Sutter             0  0  0  -1  0   0  0  0  0  0  2/5     6:32   0:00   0:18 
Cory Emmerton            0  1  1   1  0   2  1  1  2  0  3/9    12:51   0:20   0:00 
Erick Lizon              0  0  0   0  0   0  0  0  0  0  0/0     0:00   0:00   0:00 
James Wisniewski         0  0  0  -2  2   9  2  3  2  2  0/0    26:26   3:32   6:22 
Justin Florek            0  0  0   1  0   0  0  0  0  0  0/0    12:14   0:00   0:00 
Keaton Ellerby           1  0  1   0  0   4  1  2  0  1  0/0    22:41   4:07   3:03 
Linus Omark              0  1  1   0  2   4  0  0  3  1  0/0    15:11   3:46   0:00 
Luke Adam                0  0  0   1  0   2  1  0  0  0  1/1    12:00   0:00   0:00 
Matt Beleskey            1  0  1   0  2   2  5  0  3  0  1/3    17:23   3:46   2:07 
Peter Regin              0  0  0   0  0   0  1  1  2  1  4/7    18:24   3:46   3:07 
Stefan Matteau           0  0  0  -1  0   1  0  1  0  1  1/2     8:22   0:00   1:45 
Tim Jackman              0  0  0   0  4   3  1  0  1  0  0/1    13:27   3:51   0:00 
Travis Zajac             0  0  0  -2  0   3  2  1  2  0  14/26  25:36   3:33   7:32 

Players Stats for BlueJackets

Player Name              G  A  P  +/- PIM S  H  SB GA TA FO     MP     PP MP  PK MP  
------------------------------------------------------------------------------------
Andrej Meszaros          0  0  0   1  2   2  0  0  0  1  0/0    21:00   4:51   2:12 
Andrew Ference           1  0  1   0  0   4  4  3  1  4  0/0    29:21   6:57   5:19 
Antoine Roussel          1  0  1   0  4   2  3  0  3  1  0/0    13:50   0:50   0:12 
Brendan Smith            0  0  0  -1  0   0  0  0  0  0  0/0     2:43   0:00   0:00 
Brent Burns              1  3  4   1  0   5  6  0  1  1  5/11   25:02   5:59   4:36 
David Savard             0  0  0  -1  0   1  1  0  0  1  0/0    10:27   0:00   0:00 
Derick Brassard          0  1  1   0  0   2  0  1  0  1  12/17  20:01   5:35   1:42 
Erik Cole                0  0  0   0  0   1  3  0  4  0  0/0    15:31   5:25   0:00 
Gabriel Bourque          0  1  1   0  0   1  0  0  0  0  0/0    11:31   0:00   0:00 
Justin Williams          1  0  1   1  0   3  0  0  2  0  0/0    21:19   5:59   1:42 
Kevin Klein              0  0  0   1  0   1  0  0  0  1  0/0    11:31   0:00   0:14 
Michael Raffl            0  1  1   0  0   0  0  1  0  0  3/9    12:33   0:00   0:39 
Ron Hainsey              0  0  0   0  2   3  1  2  1  0  0/0    20:38   4:27   2:31 
Ryan Garbutt             0  0  0   0  2   0  0  0  0  0  0/1     5:03   0:00   0:00 
Teddy Purcell            0  0  0   0  0   2  0  0  3  2  0/2    21:12   4:59   5:01 
Tobias Enstrom           1  2  3   2  0   3  0  2  1  2  0/0    25:04   6:33   5:19 
Vernon Fiddler           0  0  0   0  0   2  0  0  0  0  2/5    13:19   5:25   1:27 
Vincent Lecavalier       0  0  0   0  0   1  2  0  1  0  6/9     9:50   0:00   0:00 

3 Stars

1 - Brent Burns (Clb)
2 - Tobias Enstrom (Clb)
3 - Andrew Ference (Clb)

Power Play

Capitals - 0 on 5 Attempt(s) - 0.00%
BlueJackets - 2 on 8 Attempt(s) - 25.00%

Penalty Kill

Capitals - 6 on 8 Attempt(s) - 75.00% - Score 0 goal in Penalty Kill
BlueJackets - 5 on 5 Attempt(s) - 100.00% - Score 0 goal in Penalty Kill

Official

Referees : Unknown
Linesman : Unknown

Game Notes

Joni Ortio is injured at 3:36 of 3rd period (Right Foot)
Al Montoya enters game at 3:36 of 3rd period

Finance

Level 1 -- Attendance: 4069 (67.82%) -- Ticket Income $406,900
Level 2 -- Attendance: 3592 (71.84%) -- Ticket Income $215,520
Level 3 -- Attendance: 1483 (74.15%) -- Ticket Income $51,905
Level 4 -- Attendance: 3010 (75.25%) -- Ticket Income $60,200
Luxury Box -- Attendance: 724 (72.40%) -- Ticket Income $144,800
Game was played at the Nationwide Arena
Total Attendance: 12878 (71.54%)
Total Ticket Income: $879,325
Other Income: $430,869
Total Income: $1,310,194

Capitals

5 vs 5 Forward 
   Center                   Left Wing                Right Wing               Time % Phy DF OF 
 1 Travis Zajac             Adam Henrique            Tim Jackman              35     1   2  2  
 2 Peter Regin              Matt Beleskey            Linus Omark              30     1   2  2  
 3 Cory Emmerton            Justin Florek            Luke Adam                22     1   2  2  
 4 Brett Sutter             Stefan Matteau           Travis Zajac             13     1   2  2  

5 vs 5 Defense 
   Defense                  Defense                                           Time % Phy DF OF 
 1 James Wisniewski         Brett Clark                                       35     1   2  2  
 2 Keaton Ellerby           Alexander Urbom                                   30     1   2  2  
 3 Brandon Burlon           Ben Youds                                         22     1   2  2  
 4 James Wisniewski         Keaton Ellerby                                    13     1   2  2  

PowerPlay Forward 
   Center                   Left Wing                Right Wing               Time % Phy DF OF 
 1 Travis Zajac             Adam Henrique            Tim Jackman              60     1   2  2  
 2 Peter Regin              Matt Beleskey            Linus Omark              40     1   2  2  

PowerPlay Defense
   Defense                  Defense                                           Time % Phy DF OF 
 1 James Wisniewski         Brett Clark                                       60     1   2  2  
 2 Keaton Ellerby           Brandon Burlon                                    40     1   2  2  

Penalty Kill 4 Players Forward 
   Center                   Wing                     Time % Phy DF OF 
 1 Travis Zajac             Adam Henrique            60     1   2  2  
 2 Matt Beleskey            Peter Regin              40     1   2  2  

Penalty Kill 4 Players Defense
   Defense                  Defense                  Time % Phy DF OF 
 1 James Wisniewski         Brandon Burlon           60     1   2  2  
 2 Keaton Ellerby           Brett Clark              40     1   2  2  

Penalty Kill - 3 Players Forward 
   Forward                                           Time % Phy DF OF 
 1 Travis Zajac                                      60     1   2  2  
 2 Adam Henrique                                     40     1   2  2  

Penalty Kill - 3 Players Defense
   Defense                  Defense                  Time % Phy DF OF 
 1 James Wisniewski         Brett Clark              60     1   2  2  
 2 Keaton Ellerby           Ben Youds                40     1   2  2  

4 vs 4 Forward 
   Center                   Wing                     Time % Phy DF OF 
 1 Travis Zajac             Adam Henrique            60     1   2  2  
 2 Matt Beleskey            Peter Regin              40     1   2  2  

4 vs 4 Defense
   Defense                  Defense                  Time % Phy DF OF 
 1 James Wisniewski         Ben Youds                60     1   2  2  
 2 Keaton Ellerby           Brett Clark              40     1   2  2  

Last Minutes Offensive
   Center                   Left Wing                Right Wing               Defense                  Defense                  
   Travis Zajac             Adam Henrique            Tim Jackman              James Wisniewski         Brett Clark              

Last Minutes Defensive
   Center                   Left Wing                Right Wing               Defense                  Defense                  
   Travis Zajac             Adam Henrique            Tim Jackman              James Wisniewski         Brett Clark              

Goaltenders
Starting : Cristopher Nilstorp      
Backup : John Muse                

Extra Forwards
Normal : Cory Emmerton, Justin Florek, Stefan Matteau - PP : Cory Emmerton, Justin Florek - PK : Stefan Matteau
Extra Defensemen
Normal : Brandon Burlon, Ben Youds, Keaton Ellerby - PP : Brandon Burlon - PK : Ben Youds, Keaton Ellerby
Penalty Shots
Travis Zajac, Adam Henrique, Matt Beleskey, Peter Regin, Tim Jackman

BlueJackets

5 vs 5 Forward 
   Center                   Left Wing                Right Wing               Time % Phy DF OF 
 1 Derick Brassard          Justin Williams          Brent Burns              35     1   2  2  
 2 Vincent Lecavalier       Teddy Purcell            Erik Cole                30     1   2  2  
 3 Michael Raffl            Gabriel Bourque          Antoine Roussel          22     1   2  2  
 4 Vernon Fiddler           Ryan Garbutt             Brent Burns              13     1   2  2  

5 vs 5 Defense 
   Defense                  Defense                                           Time % Phy DF OF 
 1 Tobias Enstrom           Andrew Ference                                    35     1   2  2  
 2 David Savard             Ron Hainsey                                       30     1   2  2  
 3 Kevin Klein              Andrej Meszaros                                   22     1   2  2  
 4 Brendan Smith            Andrew Ference                                    13     1   2  2  

PowerPlay Forward 
   Center                   Left Wing                Right Wing               Time % Phy DF OF 
 1 Derick Brassard          Justin Williams          Brent Burns              60     1   2  2  
 2 Vernon Fiddler           Teddy Purcell            Erik Cole                40     1   2  2  

PowerPlay Defense
   Defense                  Defense                                           Time % Phy DF OF 
 1 Tobias Enstrom           Andrew Ference                                    60     1   2  2  
 2 Andrej Meszaros          Ron Hainsey                                       40     1   2  2  

Penalty Kill 4 Players Forward 
   Center                   Wing                     Time % Phy DF OF 
 1 Brent Burns              Teddy Purcell            60     1   2  2  
 2 Derick Brassard          Justin Williams          40     1   2  2  

Penalty Kill 4 Players Defense
   Defense                  Defense                  Time % Phy DF OF 
 1 Tobias Enstrom           Andrew Ference           60     1   2  2  
 2 Andrej Meszaros          Ron Hainsey              40     1   2  2  

Penalty Kill - 3 Players Forward 
   Forward                                           Time % Phy DF OF 
 1 Brent Burns                                       60     1   2  2  
 2 Derick Brassard                                   40     1   2  2  

Penalty Kill - 3 Players Defense
   Defense                  Defense                  Time % Phy DF OF 
 1 Tobias Enstrom           Andrew Ference           60     1   2  2  
 2 Andrej Meszaros          Ron Hainsey              40     1   2  2  

4 vs 4 Forward 
   Center                   Wing                     Time % Phy DF OF 
 1 Brent Burns              Justin Williams          60     1   2  2  
 2 Derick Brassard          Teddy Purcell            40     1   2  2  

4 vs 4 Defense
   Defense                  Defense                  Time % Phy DF OF 
 1 Andrej Meszaros          Andrew Ference           60     1   2  2  
 2 Tobias Enstrom           Ron Hainsey              40     1   2  2  

Last Minutes Offensive
   Center                   Left Wing                Right Wing               Defense                  Defense                  
   Derick Brassard          Justin Williams          Brent Burns              Tobias Enstrom           Andrew Ference           

Last Minutes Defensive
   Center                   Left Wing                Right Wing               Defense                  Defense                  
   Derick Brassard          Justin Williams          Brent Burns              Tobias Enstrom           Andrew Ference           

Goaltenders
Starting : Joni Ortio               
Backup : Al Montoya               

Extra Forwards
Normal : Derick Brassard, Brent Burns, Vernon Fiddler - PP : Derick Brassard, Brent Burns - PK : Vernon Fiddler
Extra Defensemen
Normal : Brent Burns, Andrej Meszaros, Andrew Ference - PP : Brent Burns - PK : Andrej Meszaros, Brent Burns
Penalty Shots
Brent Burns, Vernon Fiddler, Derick Brassard, Justin Williams, Teddy Purcell

% Time on Ice - Capitals

Lines # - Real PCT - Wanted PCT - Time Play
Normal Forward
1 - 25% - 35% - 9:36
2 - 29% - 30% - 11:19
3 - 31% - 22% - 12:01
4 - 15% - 13% - 5:51
Normal Defense
1 - 36% - 35% - 14:06
2 - 33% - 30% - 12:40
3 - 25% - 22% - 9:50
4 - 6% - 13% - 2:11
PP Forward
1 - 51% - 60% - 3:53
2 - 49% - 40% - 3:46
PP Defense
1 - 46% - 60% - 3:32
2 - 54% - 40% - 4:07
PK Forward
1 - 73% - 60% - 8:17
2 - 27% - 40% - 3:07
PK Defense
1 - 73% - 60% - 8:21
2 - 27% - 40% - 3:03
PK3 Forward
1 - 0% - 60%
2 - 0% - 40%
PK3 Defense
1 - 0% - 60%
2 - 0% - 40%
44 Forward
1 - 91% - 60% - 1:58
2 - 9% - 40% - 0:12
44 Defense
1 - 69% - 60% - 1:30
2 - 31% - 40% - 0:40
Last Minute Offensive  - 0:00
Last Minute Defensive  - 0:00
Total
Forward - 60:00
Defense - 60:00

% Time on Ice - BlueJackets

Lines # - Real PCT - Wanted PCT - Time Play
Normal Forward
1 - 27% - 35% - 10:36
2 - 30% - 30% - 11:37
3 - 30% - 22% - 11:31
4 - 13% - 13% - 5:03
Normal Defense
1 - 33% - 35% - 12:37
2 - 34% - 30% - 13:21
3 - 26% - 22% - 10:06
4 - 7% - 13% - 2:43
PP Forward
1 - 52% - 60% - 5:59
2 - 48% - 40% - 5:25
PP Defense
1 - 61% - 60% - 6:57
2 - 39% - 40% - 4:27
PK Forward
1 - 78% - 60% - 5:57
2 - 22% - 40% - 1:42
PK Defense
1 - 68% - 60% - 5:13
2 - 32% - 40% - 2:26
PK3 Forward
1 - 100% - 60% - 0:06
2 - 0% - 40% - 0:00
PK3 Defense
1 - 100% - 60% - 0:06
2 - 0% - 40% - 0:00
44 Forward
1 - 72% - 60% - 1:29
2 - 28% - 40% - 0:35
44 Defense
1 - 85% - 60% - 1:45
2 - 15% - 40% - 0:19
Last Minute Offensive  - 0:00
Last Minute Defensive  - 0:00
Total
Forward - 60:00
Defense - 60:00

Play by Play

1st period


0:01 of 1st period - Derick Brassard wins face-off versus Travis Zajac in neutral zone.
0:10 of 1st period - Justin Williams is hit by Travis Zajac and loses puck.
0:33 of 1st period - Snap shot by Adam Henrique.
0:33 of 1st period - Shot Blocked by Tobias Enstrom.
0:53 of 1st period - James Wisniewski is hit by Andrew Ference and loses puck.
1:21 of 1st period - Minor Penalty to Matt Beleskey for Slashing.
1:22 of 1st period - Travis Zajac wins face-off versus Vernon Fiddler in Capitals zone.
1:40 of 1st period - Slapshot by James Wisniewski.
1:40 of 1st period - Stopped by Joni Ortio with a rebound.
1:56 of 1st period - Slapshot by Tobias Enstrom.
1:56 of 1st period - Shot Blocked by Stefan Matteau.
1:58 of 1st period - Wrist shot by Andrej Meszaros.
1:58 of 1st period - Stopped by Cristopher Nilstorp with a rebound.
2:00 of 1st period - Slapshot by Andrej Meszaros.
2:00 of 1st period - Shot Misses the Net.
2:38 of 1st period - Slapshot by Erik Cole.
2:38 of 1st period - Shot Misses the Net.
2:40 of 1st period - Slapshot by Ron Hainsey.
2:40 of 1st period - Shot Misses the Net.
2:59 of 1st period - Brett Clark is hit by Brent Burns and loses puck.
3:06 of 1st period - Snap shot by Keaton Ellerby.
3:06 of 1st period - Stopped by Joni Ortio without a rebound.
3:07 of 1st period - Vernon Fiddler wins face-off versus Stefan Matteau in BlueJackets zone.
3:21 of 1st period - Penalty to Matt Beleskey is over, Matt Beleskey is back on ice.
3:50 of 1st period - Slapshot by Tobias Enstrom.
3:50 of 1st period - Deflect By Gabriel Bourque.
3:50 of 1st period - Shot Blocked by Cory Emmerton.
3:50 of 1st period - Puck is out of play.
3:51 of 1st period - Cory Emmerton wins face-off versus Michael Raffl in Capitals zone.
5:00 of 1st period - Slapshot by Derick Brassard.
5:00 of 1st period - Shot Misses the Net.
5:02 of 1st period - Slapshot by Justin Williams.
5:02 of 1st period - Shot Blocked by Adam Henrique.
5:04 of 1st period - Slapshot by Justin Williams.
5:04 of 1st period - Shot Misses the Net.
5:06 of 1st period - Snap shot by Justin Williams.
5:06 of 1st period - Shot Misses the Net.
5:16 of 1st period - Travis Zajac is hit by David Savard and loses puck.
6:13 of 1st period - Slapshot by James Wisniewski.
6:13 of 1st period - Shot Misses the Net.
6:15 of 1st period - Slapshot by Brett Clark.
6:15 of 1st period - Shot Blocked by Andrew Ference.
6:17 of 1st period - Snap shot by Linus Omark.
6:17 of 1st period - Shot Blocked by Derick Brassard.
6:19 of 1st period - Snap shot by Matt Beleskey.
6:19 of 1st period - Goal by Matt Beleskey - Capitals : 1 - BlueJackets : 0.
6:20 of 1st period - Vincent Lecavalier wins face-off versus Cory Emmerton in neutral zone.
6:38 of 1st period - Snap shot by Luke Adam.
6:38 of 1st period - Stopped by Joni Ortio with a rebound.
6:40 of 1st period - Slapshot by Alexander Urbom.
6:40 of 1st period - Shot Misses the Net.
6:44 of 1st period - Wrist shot by Cory Emmerton.
6:44 of 1st period - Stopped by Joni Ortio without a rebound.
6:45 of 1st period - Michael Raffl wins face-off versus Peter Regin in BlueJackets zone.
6:55 of 1st period - Minor Penalty to Linus Omark for Tripping.
6:56 of 1st period - Derick Brassard wins face-off versus Travis Zajac in Capitals zone.
6:58 of 1st period - Wrist shot by Brent Burns.
6:58 of 1st period - Deflect By Derick Brassard.
6:58 of 1st period - Shot Misses the Net.
6:58 of 1st period - Puck is out of play.
6:59 of 1st period - Derick Brassard wins face-off versus Travis Zajac in Capitals zone.
7:08 of 1st period - Wrist shot by Brent Burns.
7:08 of 1st period - Shot Blocked by Keaton Ellerby.
7:10 of 1st period - Slapshot by Tobias Enstrom.
7:10 of 1st period - Goal by Tobias Enstrom - Capitals : 1 - BlueJackets : 1.
7:11 of 1st period - Derick Brassard wins face-off versus Matt Beleskey in neutral zone.
7:34 of 1st period - Wrist shot by Brent Burns.
7:34 of 1st period - Goal by Brent Burns - Capitals : 1 - BlueJackets : 2.
7:35 of 1st period - Stefan Matteau wins face-off versus Vincent Lecavalier in neutral zone.
8:03 of 1st period - Tobias Enstrom is hit by James Wisniewski and loses puck.
8:40 of 1st period - Ron Hainsey is hit by Matt Beleskey and loses puck.
9:16 of 1st period - Minor Penalty to Ron Hainsey for Slashing.
9:17 of 1st period - Brent Burns wins face-off versus Travis Zajac in BlueJackets zone.
9:17 of 1st period - Brent Burns is hit by Brandon Burlon.
9:24 of 1st period - Slapshot by Teddy Purcell.
9:24 of 1st period - Stopped by Cristopher Nilstorp without a rebound.
9:25 of 1st period - Brent Burns wins face-off versus Travis Zajac in Capitals zone.
9:26 of 1st period - Slapshot by Tobias Enstrom.
9:26 of 1st period - Shot Blocked by Travis Zajac.
9:32 of 1st period - Minor Penalty to Tim Jackman for High sticking.
9:33 of 1st period - Travis Zajac wins face-off versus Brent Burns in Capitals zone.
9:50 of 1st period - Snap shot by Adam Henrique.
9:50 of 1st period - Shot Misses the Net.
9:52 of 1st period - Slapshot by James Wisniewski.
9:52 of 1st period - Shot Misses the Net.
10:28 of 1st period - Adam Henrique is hit by Brent Burns and loses puck.
10:38 of 1st period - Icing by Andrej Meszaros.
10:39 of 1st period - Derick Brassard wins face-off versus Travis Zajac in BlueJackets zone.
10:54 of 1st period - Off-side.
10:55 of 1st period - Travis Zajac wins face-off versus Teddy Purcell in neutral zone.
11:09 of 1st period - Minor Penalty to Andrej Meszaros for Roughing.
11:10 of 1st period - Brent Burns wins face-off versus Travis Zajac in BlueJackets zone.
11:16 of 1st period - Penalty to Ron Hainsey is over, Ron Hainsey is back on ice.
11:32 of 1st period - Penalty to Tim Jackman is over, Tim Jackman is back on ice.
13:02 of 1st period - Wrist shot by Teddy Purcell.
13:02 of 1st period - Stopped by Cristopher Nilstorp without a rebound.
13:03 of 1st period - Peter Regin wins face-off versus Vernon Fiddler in Capitals zone.
13:09 of 1st period - Penalty to Andrej Meszaros is over, Andrej Meszaros is back on ice.
13:18 of 1st period - Slapshot by Adam Henrique.
13:18 of 1st period - Stopped by Joni Ortio with a rebound.
13:26 of 1st period - Slapshot by James Wisniewski.
13:26 of 1st period - Stopped by Joni Ortio with a rebound.
14:20 of 1st period - Off-side.
14:21 of 1st period - Brett Sutter wins face-off versus Brent Burns in neutral zone.
14:26 of 1st period - Slapshot by Linus Omark.
14:26 of 1st period - Stopped by Joni Ortio without a rebound.
14:27 of 1st period - Derick Brassard wins face-off versus Brett Sutter in BlueJackets zone.
15:02 of 1st period - Icing by Derick Brassard.
15:03 of 1st period - Derick Brassard wins face-off versus Cory Emmerton in BlueJackets zone.
15:16 of 1st period - Slapshot by Tobias Enstrom.
15:16 of 1st period - Shot Misses the Net.
15:28 of 1st period - Snap shot by Cory Emmerton.
15:28 of 1st period - Deflect By Luke Adam.
15:28 of 1st period - Stopped by Joni Ortio without a rebound.
15:29 of 1st period - Vincent Lecavalier wins face-off versus Tim Jackman in BlueJackets zone.
16:13 of 1st period - Ben Youds is hit by Antoine Roussel and loses puck.
16:54 of 1st period - Tobias Enstrom is hit by Luke Adam and loses puck.
17:16 of 1st period - Off-side.
17:17 of 1st period - Vincent Lecavalier wins face-off versus Brett Sutter in neutral zone.
17:24 of 1st period - Backhand shot by Tobias Enstrom.
17:24 of 1st period - Shot Misses the Net.
17:26 of 1st period - Slapshot by Andrew Ference.
17:26 of 1st period - Stopped by Cristopher Nilstorp with a rebound.
18:08 of 1st period - Antoine Roussel is hit by Matt Beleskey and loses puck.
18:25 of 1st period - Matt Beleskey is hit by Antoine Roussel and loses puck.
18:49 of 1st period - Minor Penalty to Brett Clark for Tripping.
18:50 of 1st period - Travis Zajac wins face-off versus Derick Brassard in Capitals zone.
19:12 of 1st period - Snap shot by Derick Brassard.
19:12 of 1st period - Stopped by Cristopher Nilstorp with a rebound.
19:40 of 1st period - Ben Youds is hit by Erik Cole and loses puck.
19:57 of 1st period - Wrist shot by Brent Burns.
19:57 of 1st period - Stopped by Cristopher Nilstorp with a rebound.
19:59 of 1st period - Wrist shot by Ron Hainsey.
19:59 of 1st period - Deflect By Brent Burns.
19:59 of 1st period - Stopped by Cristopher Nilstorp with a rebound.
Goals for this period are 1 for Capitals vs 2 for BlueJackets.
Shots for this period are 9 for Capitals vs 9 for BlueJackets.

2nd period


0:01 of 2nd period - Travis Zajac wins face-off versus Brent Burns in neutral zone.
0:04 of 2nd period - Andrew Ference is hit by Travis Zajac and loses puck.
0:13 of 2nd period - Wrist shot by Brent Burns.
0:13 of 2nd period - Stopped by Cristopher Nilstorp with a rebound.
0:21 of 2nd period - Slapshot by Brent Burns.
0:21 of 2nd period - Shot Misses the Net.
0:23 of 2nd period - Snap shot by Andrew Ference.
0:23 of 2nd period - Goal by Andrew Ference - Capitals : 1 - BlueJackets : 3.
0:24 of 2nd period - Travis Zajac wins face-off versus Vincent Lecavalier in neutral zone.
0:41 of 2nd period - Slapshot by James Wisniewski.
0:41 of 2nd period - Stopped by Joni Ortio with a rebound.
0:43 of 2nd period - Slapshot by Travis Zajac.
0:43 of 2nd period - Stopped by Joni Ortio with a rebound.
0:55 of 2nd period - Wrist shot by Vincent Lecavalier.
0:55 of 2nd period - Deflect By Erik Cole.
0:55 of 2nd period - Shot Misses the Net.
0:55 of 2nd period - Puck is out of play.
0:56 of 2nd period - Peter Regin wins face-off versus Derick Brassard in Capitals zone.
1:21 of 2nd period - Snap shot by Derick Brassard.
1:21 of 2nd period - Shot Blocked by Alexander Urbom.
1:51 of 2nd period - Gabriel Bourque is hit by Keaton Ellerby and loses puck.
1:58 of 2nd period - Slapshot by Andrew Ference.
1:58 of 2nd period - Stopped by Cristopher Nilstorp without a rebound.
1:59 of 2nd period - Michael Raffl wins face-off versus Travis Zajac in Capitals zone.
2:00 of 2nd period - Snap shot by Antoine Roussel.
2:00 of 2nd period - Shot Blocked by James Wisniewski.
2:06 of 2nd period - Wrist shot by Adam Henrique.
2:06 of 2nd period - Deflect By Tim Jackman.
2:06 of 2nd period - Stopped by Joni Ortio with a rebound.
2:14 of 2nd period - Slapshot by James Wisniewski.
2:14 of 2nd period - Stopped by Joni Ortio with a rebound.
2:16 of 2nd period - Snap shot by Tim Jackman.
2:16 of 2nd period - Stopped by Joni Ortio with a rebound.
2:18 of 2nd period - Wrist shot by Adam Henrique.
2:18 of 2nd period - Shot Blocked by Michael Raffl.
2:20 of 2nd period - Slapshot by James Wisniewski.
2:20 of 2nd period - Stopped by Joni Ortio without a rebound.
2:21 of 2nd period - Vincent Lecavalier wins face-off versus Cory Emmerton in BlueJackets zone.
2:57 of 2nd period - Wrist shot by Teddy Purcell.
2:57 of 2nd period - Deflect By Vincent Lecavalier.
2:57 of 2nd period - Shot Misses the Net.
2:57 of 2nd period - Puck is out of play.
2:58 of 2nd period - Travis Zajac wins face-off versus Ryan Garbutt in Capitals zone.
2:58 of 2nd period - Travis Zajac is hit by Brent Burns.
3:26 of 2nd period - Wrist shot by Travis Zajac.
3:26 of 2nd period - Deflect By Adam Henrique.
3:26 of 2nd period - Shot Misses the Net.
3:26 of 2nd period - Puck is out of play.
3:27 of 2nd period - Peter Regin wins face-off versus Michael Raffl in BlueJackets zone.
3:31 of 2nd period - Minor Penalty to Antoine Roussel for Interference.
3:32 of 2nd period - Travis Zajac wins face-off versus Brent Burns in BlueJackets zone.
4:24 of 2nd period - Tobias Enstrom is hit by Matt Beleskey and loses puck.
5:16 of 2nd period - Ron Hainsey is hit by Tim Jackman.
5:31 of 2nd period - Penalty to Antoine Roussel is over, Antoine Roussel is back on ice.
5:35 of 2nd period - Slapshot by Matt Beleskey.
5:35 of 2nd period - Shot Misses the Net.
6:38 of 2nd period - Minor Penalty to Alexander Urbom for Hooking.
6:39 of 2nd period - Travis Zajac wins face-off versus Teddy Purcell in Capitals zone.
6:50 of 2nd period - Snap shot by Teddy Purcell.
6:50 of 2nd period - Shot Blocked by James Wisniewski.
6:52 of 2nd period - Snap shot by Tobias Enstrom.
6:52 of 2nd period - Stopped by Cristopher Nilstorp with a rebound.
7:16 of 2nd period - Wrist shot by Erik Cole.
7:16 of 2nd period - Stopped by Cristopher Nilstorp with a rebound.
8:00 of 2nd period - Slapshot by Vernon Fiddler.
8:00 of 2nd period - Stopped by Cristopher Nilstorp with a rebound.
8:38 of 2nd period - Penalty to Alexander Urbom is over, Alexander Urbom is back on ice.
8:46 of 2nd period - Andrej Meszaros is hit by Matt Beleskey and loses puck.
9:11 of 2nd period - Snap shot by Gabriel Bourque.
9:11 of 2nd period - Stopped by Cristopher Nilstorp without a rebound.
9:12 of 2nd period - Luke Adam wins face-off versus Michael Raffl in Capitals zone.
9:17 of 2nd period - Slapshot by Keaton Ellerby.
9:17 of 2nd period - Shot Misses the Net.
10:07 of 2nd period - Snap shot by James Wisniewski.
10:07 of 2nd period - Shot Misses the Net.
10:09 of 2nd period - Slapshot by James Wisniewski.
10:09 of 2nd period - Stopped by Joni Ortio with a rebound.
12:21 of 2nd period - Gabriel Bourque is hit by Alexander Urbom and loses puck.
12:42 of 2nd period - Slapshot by Justin Williams.
12:42 of 2nd period - Shot Misses the Net.
13:50 of 2nd period - Cory Emmerton is hit by Erik Cole.
14:06 of 2nd period - Tim Jackman is hit by Vincent Lecavalier and loses puck.
14:31 of 2nd period - Snap shot by Linus Omark.
14:31 of 2nd period - Stopped by Joni Ortio with a rebound.
15:49 of 2nd period - Wrist shot by Ryan Garbutt.
15:49 of 2nd period - Shot Blocked by Alexander Urbom.
16:20 of 2nd period - Tobias Enstrom is hit by Adam Henrique and loses puck.
17:02 of 2nd period - Slapshot by Vincent Lecavalier.
17:02 of 2nd period - Deflect By Linus Omark.
17:02 of 2nd period - Shot Blocked by Ben Youds.
17:02 of 2nd period - Puck is out of play.
17:03 of 2nd period - Brett Sutter wins face-off versus Vincent Lecavalier in Capitals zone.
18:00 of 2nd period - Wrist shot by Vincent Lecavalier.
18:00 of 2nd period - Stopped by Cristopher Nilstorp without a rebound.
18:01 of 2nd period - Vincent Lecavalier wins face-off versus Peter Regin in Capitals zone.
18:37 of 2nd period - Off-side.
18:38 of 2nd period - Michael Raffl wins face-off versus Cory Emmerton in neutral zone.
19:06 of 2nd period - Ron Hainsey is hit by Ben Youds and loses puck.
19:11 of 2nd period - Snap shot by Travis Zajac.
19:11 of 2nd period - Stopped by Joni Ortio with a rebound.
19:13 of 2nd period - Wrist shot by Brandon Burlon.
19:13 of 2nd period - Stopped by Joni Ortio with a rebound.
19:15 of 2nd period - Wrist shot by Brett Sutter.
19:15 of 2nd period - Shot Blocked by Ron Hainsey.
19:17 of 2nd period - Snap shot by Stefan Matteau.
19:17 of 2nd period - Shot Blocked by Ron Hainsey.
19:19 of 2nd period - Snap shot by Stefan Matteau.
19:19 of 2nd period - Shot Misses the Net.
19:52 of 2nd period - Andrew Ference is hit by Alexander Urbom and loses puck.
Goals for this period are 0 for Capitals vs 1 for BlueJackets.
Shots for this period are 10 for Capitals vs 8 for BlueJackets.

3rd period


0:01 of 3rd period - Derick Brassard wins face-off versus Travis Zajac in neutral zone.
0:04 of 3rd period - Travis Zajac is hit by Brent Burns and loses puck.
0:08 of 3rd period - Icing by Keaton Ellerby.
0:09 of 3rd period - Derick Brassard wins face-off versus Travis Zajac in Capitals zone.
0:24 of 3rd period - Snap shot by Derick Brassard.
0:24 of 3rd period - Shot Misses the Net.
0:26 of 3rd period - Minor Penalty to James Wisniewski for Interference.
0:27 of 3rd period - Travis Zajac wins face-off versus Derick Brassard in Capitals zone.
0:54 of 3rd period - Adam Henrique is hit by Brent Burns and loses puck.
1:22 of 3rd period - Snap shot by Erik Cole.
1:22 of 3rd period - Shot Misses the Net.
1:26 of 3rd period - Snap shot by Erik Cole.
1:26 of 3rd period - Shot Misses the Net.
2:06 of 3rd period - Wrist shot by Justin Williams.
2:06 of 3rd period - Shot Misses the Net.
2:08 of 3rd period - Slapshot by Ron Hainsey.
2:08 of 3rd period - Shot Blocked by Ben Youds.
2:10 of 3rd period - Slapshot by Andrew Ference.
2:10 of 3rd period - Deflect By Justin Williams.
2:10 of 3rd period - Stopped by Cristopher Nilstorp with a rebound.
2:12 of 3rd period - Slapshot by Tobias Enstrom.
2:12 of 3rd period - Shot Blocked by Brandon Burlon.
2:26 of 3rd period - Penalty to James Wisniewski is over, James Wisniewski is back on ice.
2:31 of 3rd period - James Wisniewski is hit by Erik Cole and loses puck.
2:44 of 3rd period - James Wisniewski is hit by Andrew Ference and loses puck.
2:55 of 3rd period - Snap shot by Gabriel Bourque.
2:55 of 3rd period - Shot Misses the Net.
2:57 of 3rd period - Snap shot by Antoine Roussel.
2:57 of 3rd period - Shot Misses the Net.
2:59 of 3rd period - Backhand shot by David Savard.
2:59 of 3rd period - Deflect By Gabriel Bourque.
2:59 of 3rd period - Shot Blocked by Peter Regin.
2:59 of 3rd period - Puck is out of play.
3:00 of 3rd period - Cory Emmerton wins face-off versus Michael Raffl in Capitals zone.
3:05 of 3rd period - Slapshot by Alexander Urbom.
3:05 of 3rd period - Deflect By Antoine Roussel.
3:05 of 3rd period - Stopped by Joni Ortio with a rebound.
3:07 of 3rd period - Backhand shot by Keaton Ellerby.
3:07 of 3rd period - Stopped by Joni Ortio with a rebound.
3:09 of 3rd period - Snap shot by Keaton Ellerby.
3:09 of 3rd period - Stopped by Joni Ortio with a rebound.
3:11 of 3rd period - Slapshot by Keaton Ellerby.
3:11 of 3rd period - Shot Misses the Net.
3:13 of 3rd period - Slapshot by Keaton Ellerby.
3:13 of 3rd period - Goal by Keaton Ellerby - Capitals : 2 - BlueJackets : 3.
3:14 of 3rd period - Cory Emmerton wins face-off versus Derick Brassard in neutral zone.
3:36 of 3rd period - Wrist shot by James Wisniewski.
3:36 of 3rd period - Stopped by Joni Ortio with a rebound.
3:36 of 3rd period - Joni Ortio from BlueJackets is injured at 3:36 of 3rd period (Right Foot).
3:36 of 3rd period - Al Montoya enters game.
3:37 of 3rd period - Travis Zajac wins face-off versus Derick Brassard in BlueJackets zone.
3:42 of 3rd period - Wrist shot by James Wisniewski.
3:42 of 3rd period - Stopped by Al Montoya with a rebound.
3:48 of 3rd period - Wrist shot by Tim Jackman.
3:48 of 3rd period - Stopped by Al Montoya with a rebound.
3:53 of 3rd period - Slapshot by James Wisniewski.
3:53 of 3rd period - Shot Blocked by Andrew Ference.
3:59 of 3rd period - Slapshot by James Wisniewski.
3:59 of 3rd period - Shot Blocked by Andrew Ference.
4:01 of 3rd period - Slapshot by Keaton Ellerby.
4:01 of 3rd period - Shot Blocked by Tobias Enstrom.
4:47 of 3rd period - Linus Omark is hit by Vincent Lecavalier and loses puck.
5:34 of 3rd period - Michael Raffl is hit by Cory Emmerton and loses puck.
5:49 of 3rd period - Slapshot by Andrej Meszaros.
5:49 of 3rd period - Shot Misses the Net.
6:31 of 3rd period - Wrist shot by Travis Zajac.
6:31 of 3rd period - Stopped by Al Montoya with a rebound.
6:33 of 3rd period - Minor Penalty to Ryan Garbutt for Hooking.
6:34 of 3rd period - Brent Burns wins face-off versus Peter Regin in BlueJackets zone.
6:34 of 3rd period - Brent Burns is hit by James Wisniewski.
8:26 of 3rd period - Wrist shot by James Wisniewski.
8:26 of 3rd period - Stopped by Al Montoya with a rebound.
8:33 of 3rd period - Penalty to Ryan Garbutt is over, Ryan Garbutt is back on ice.
8:45 of 3rd period - Matt Beleskey is hit by Antoine Roussel and loses puck.
8:49 of 3rd period - Minor Penalty to Antoine Roussel for Hooking.
8:50 of 3rd period - Travis Zajac wins face-off versus Brent Burns in BlueJackets zone.
9:41 of 3rd period - Travis Zajac is hit by Andrew Ference.
10:07 of 3rd period - Tobias Enstrom is hit by Peter Regin and loses puck.
10:37 of 3rd period - Minor Penalty to Tim Jackman for Holding.
10:38 of 3rd period - Brent Burns wins face-off versus Travis Zajac in Capitals zone.
10:41 of 3rd period - Wrist shot by Justin Williams.
10:41 of 3rd period - Goal by Justin Williams - Capitals : 2 - BlueJackets : 4.
10:42 of 3rd period - Travis Zajac wins face-off versus Brent Burns in neutral zone.
10:49 of 3rd period - Penalty to Antoine Roussel is over, Antoine Roussel is back on ice.
11:23 of 3rd period - Teddy Purcell is hit by Ben Youds and loses puck.
12:02 of 3rd period - Snap shot by Brent Burns.
12:02 of 3rd period - Shot Misses the Net.
12:04 of 3rd period - Snap shot by Derick Brassard.
12:04 of 3rd period - Shot Blocked by Brett Clark.
12:06 of 3rd period - Slapshot by Andrew Ference.
12:06 of 3rd period - Shot Blocked by Keaton Ellerby.
12:08 of 3rd period - Slapshot by Tobias Enstrom.
12:08 of 3rd period - Stopped by Cristopher Nilstorp with a rebound.
12:10 of 3rd period - Snap shot by Brent Burns.
12:10 of 3rd period - Stopped by Cristopher Nilstorp without a rebound.
12:11 of 3rd period - Derick Brassard wins face-off versus Matt Beleskey in Capitals zone.
12:28 of 3rd period - Adam Henrique is hit by Andrew Ference and loses puck.
12:37 of 3rd period - Penalty to Tim Jackman is over, Tim Jackman is back on ice.
13:14 of 3rd period - Slapshot by Antoine Roussel.
13:14 of 3rd period - Stopped by Cristopher Nilstorp with a rebound.
13:30 of 3rd period - Cory Emmerton is hit by Ron Hainsey and loses puck.
13:41 of 3rd period - Slapshot by Derick Brassard.
13:41 of 3rd period - Stopped by Cristopher Nilstorp without a rebound.
13:42 of 3rd period - Derick Brassard wins face-off versus Cory Emmerton in Capitals zone.
14:54 of 3rd period - Slapshot by Andrej Meszaros.
14:54 of 3rd period - Stopped by Cristopher Nilstorp with a rebound.
14:56 of 3rd period - Wrist shot by Vernon Fiddler.
14:56 of 3rd period - Stopped by Cristopher Nilstorp with a rebound.
14:58 of 3rd period - Snap shot by Vernon Fiddler.
14:58 of 3rd period - Shot Misses the Net.
15:00 of 3rd period - Slapshot by Kevin Klein.
15:00 of 3rd period - Stopped by Cristopher Nilstorp with a rebound.
15:02 of 3rd period - Slapshot by Ron Hainsey.
15:02 of 3rd period - Stopped by Cristopher Nilstorp without a rebound.
15:03 of 3rd period - Vernon Fiddler wins face-off versus Brett Sutter in Capitals zone.
15:26 of 3rd period - Snap shot by Stefan Matteau.
15:26 of 3rd period - Stopped by Al Montoya with a rebound.
15:28 of 3rd period - Snap shot by Stefan Matteau.
15:28 of 3rd period - Shot Misses the Net.
15:30 of 3rd period - Snap shot by Cory Emmerton.
15:30 of 3rd period - Stopped by Al Montoya with a rebound.
15:46 of 3rd period - Slapshot by David Savard.
15:46 of 3rd period - Deflect By Peter Regin.
15:46 of 3rd period - Stopped by Cristopher Nilstorp with a rebound.
15:52 of 3rd period - Ron Hainsey is hit by Matt Beleskey.
16:45 of 3rd period - Snap shot by Antoine Roussel.
16:45 of 3rd period - Goal by Antoine Roussel - Capitals : 2 - BlueJackets : 5.
16:46 of 3rd period - Peter Regin wins face-off versus Michael Raffl in neutral zone.
16:51 of 3rd period - Wrist shot by Matt Beleskey.
16:51 of 3rd period - Deflect By Linus Omark.
16:51 of 3rd period - Stopped by Al Montoya with a rebound.
16:53 of 3rd period - Snap shot by Linus Omark.
16:53 of 3rd period - Stopped by Al Montoya without a rebound.
16:54 of 3rd period - Matt Beleskey wins face-off versus Michael Raffl in BlueJackets zone.
17:05 of 3rd period - Wrist shot by Matt Beleskey.
17:05 of 3rd period - Stopped by Al Montoya with a rebound.
17:07 of 3rd period - Snap shot by Matt Beleskey.
17:07 of 3rd period - Shot Misses the Net.
17:48 of 3rd period - Slapshot by Justin Williams.
17:48 of 3rd period - Stopped by Cristopher Nilstorp with a rebound.
17:50 of 3rd period - Slapshot by Ron Hainsey.
17:50 of 3rd period - Deflect By Adam Henrique.
17:50 of 3rd period - Stopped by Cristopher Nilstorp with a rebound.
17:52 of 3rd period - Slapshot by Ron Hainsey.
17:52 of 3rd period - Shot Misses the Net.
17:54 of 3rd period - Slapshot by Ron Hainsey.
17:54 of 3rd period - Shot Misses the Net.
17:56 of 3rd period - Snap shot by Derick Brassard.
17:56 of 3rd period - Shot Blocked by James Wisniewski.
17:58 of 3rd period - Slapshot by Ron Hainsey.
17:58 of 3rd period - Shot Misses the Net.
18:00 of 3rd period - Snap shot by Ron Hainsey.
18:00 of 3rd period - Deflect By James Wisniewski.
18:00 of 3rd period - Stopped by Cristopher Nilstorp without a rebound.
18:01 of 3rd period - Vincent Lecavalier wins face-off versus Cory Emmerton in Capitals zone.
18:09 of 3rd period - Minor Penalty to Alexander Urbom for Hooking.
18:10 of 3rd period - Derick Brassard wins face-off versus Travis Zajac in Capitals zone.
18:38 of 3rd period - Wrist shot by Derick Brassard.
18:38 of 3rd period - Shot Misses the Net.
18:40 of 3rd period - Snap shot by Brent Burns.
18:40 of 3rd period - Shot Misses the Net.
18:42 of 3rd period - Slapshot by Andrew Ference.
18:42 of 3rd period - Stopped by Cristopher Nilstorp without a rebound.
18:43 of 3rd period - Travis Zajac wins face-off versus Vernon Fiddler in Capitals zone.
19:36 of 3rd period - Matt Beleskey is hit by Brent Burns and loses puck.
Goals for this period are 1 for Capitals vs 2 for BlueJackets.
Shots for this period are 14 for Capitals vs 16 for BlueJackets.


Output by the SimonT Hockey Simulator (STHS) for Eric Dolegowski -- Original Page W3C XHTML 1.0 Valid
Hockey Simulator - Hockey Simulation - Hockey Manager